 Dungeon Crawl Stone Soup version 0.30-b1-2-g02819fbbbe (webtiles) character file.

Game seed: 4371019093100583064

3312 raph the Changer (level 9, -2/75 HPs)
             Began as a Purple Draconian Transmuter on Dec 1, 2023.
             Was a Follower of Makhleb.
             Slain by a gnoll
             ... wielding a +0 halberd
             ... led by a gnoll bouda
              (8 damage)
             ... on level 7 of the Dungeon.
             The game lasted 00:13:12 (8050 turns).

raph the Changer (Purple Draconian Transmuter)      Turns: 8050, Time: 00:13:13

Health: -2/75      AC:  2    Str: 18    XL:     9   Next: 70%
Magic:  11/15      EV: 34    Int: 17    God:    Makhleb [*.....]
Gold:   301        SH:  0    Dex: 18    Spells: 1/16 levels left

rFire   . .          .
                       - Unarmed
rCold   . . .        (shield currently unavailable)
rNeg    . . .        (body armour unavailable)
rPois   x            (helmet currently unavailable)
rElec   .            (cloak currently unavailable)
rCorr   .            (gloves currently unavailable)
SInv    .            s - melded +2 pair of boots
Will    +....        o - amulet of the acrobat
Stlth   ++           u - +6 ring of strength
HPRegen 0.32/turn    (no ring)
MPRegen 0.14/turn

%: acrobat
@: spider-form, weakened, wereblooded, acrobatic
A: venomous fangs, (breathe power), AC +7, tiny, unfitting armour,
(cold-blooded)
a: End Transformation, Renounce Religion


You were on level 7 of the Dungeon.
You worshipped Makhleb.
Makhleb was aware of your devotion.
You were a venomous arachnid creature.
You visited 2 branches of the dungeon, and saw 8 of its levels.

You collected 451 gold pieces.
You spent 150 gold pieces at shops.

Inventory:

Missiles
 l - 4 poisoned darts
 y - 2 javelins
Armour
 s - a +2 pair of boots (melded)
Magical Staves
 q - a staff of death
Jewellery
 o - an amulet of the acrobat (around neck)
 u - a +6 ring of strength (left front pincers)
Wands
 g - a wand of flame (15)
 k - a wand of acid (3)
 n - a wand of polymorph (6)
 p - a wand of roots (21)
Scrolls
 h - 2 scrolls of blinking
 m - a scroll of amnesia
 r - a scroll of teleportation
 t - a scroll of silence
 v - a scroll of butterflies
Potions
 a - a potion of lignification
 b - a potion of mutation {unknown}
 c - a potion of flight {unknown}
 d - a potion of resistance
 e - 2 potions of heal wounds
 f - 9 potions of curing
 i - 3 potions of brilliance {unknown}
 j - a potion of degeneration {unknown}
 w - a potion of haste {unknown}
 x - a potion of magic {unknown}


   Skills:
 + Level 6.2 Fighting
 - Level 1.7 Dodging
 + Level 6.7 Unarmed Combat
 + Level 4.4 Spellcasting
 + Level 7.7 Transmutations
 + Level 7.1 Poison Magic
 + Level 1.4 Invocations


You had one spell level left.
You knew the following spells:

 Your Spells              Type           Power      Damage    Failure   Level
a - Beastly Appendage     Tmut           60%        N/A       4%          1
b - Wereblood             Tmut           30%        N/A       4%          2
c - Spider Form           Tmut/Pois      28%        N/A       9%          3
d - Ice Form              Ice/Tmut       16%        N/A       52%         4
e - Sting                 Tmut/Pois      100%       1d8       4%          1
f - Olgreb's Toxic Radia  Pois           27%        N/A       22%         4

Your spell library contained the following spells:

 Spells                   Type           Power      Damage    Failure   Level
 Poisonous Vapours        Pois/Air       30%        N/A       16%         2
 Alistair's Intoxication  Tmut/Pois      18%        N/A       41%         5
 Hailstorm                Conj/Ice       3%         3d3       63%         3
 Vhi's Electric Charge    Tloc/Air       6%         N/A       63%         3
 Eringya's Noxious Bog    Tmut/Pois      14%        N/A       88%         6
 Animate Dead             Necr           3%         N/A       94%         4
 Arcjolt                  Conj/Air       1%         1d11      99%         5
 Borgnjor's Vile Clutch   Necr/Erth      1%         N/A       99%         5
 Death Channel            Necr           1%         N/A       100%        6
 Plasma Beam              Fire/Air       1%         2x1d12    100%        6
 Simulacrum               Ice/Necr       1%         N/A       100%        6


Dungeon Overview and Level Annotations

Branches:
Dungeon (7/15)             Temple (1/1) D:5

Altars:
Ashenzari
Cheibriados
Dithmenos
Fedhas
Gozag
Makhleb
Okawaru
Qazlal
Sif Muna
Uskayaw
Wu Jian
Xom
Zin
The Shining One

Shops:
D:1 :?


Innate Abilities, Weirdness & Mutations

You are a venomous arachnid creature.
You have venomous fangs.
You are tiny and dextrous.
Your spellcasting is less reliable in this form.
Your armour is entirely melded.
You are incapable of wielding weapons or throwing items.
((You can breathe bolts of dispelling energy.))
((Your rich purple scales are hard. (AC +7)))
You cannot fit into any form of body armour.
((You are cold-blooded and may be slowed by cold attacks.))


Message History

The gnoll bouda is moderately wounded.
Your attacks no longer feel as feeble.
The gnoll closely misses you.
The gnoll bouda barks out a call to the hunt!
The gnoll picks up the pace!
You hit the gnoll.
The gnoll is poisoned.
The gnoll is heavily wounded.
The gnoll barely misses you. x2
The gnoll attacks as you move away! The gnoll completely misses you.
The gnoll bouda calls upon its god to heal the gnoll.
The gnoll is healed somewhat.
The gnoll is no longer moving quickly.
The gnoll bouda barks out a call to the hunt!
The gnoll picks up the pace!
The gnoll completely misses you. The gnoll attacks as you move away!
The gnoll closely misses you. The gnoll hits you with a +0 club!
* * * LOW HITPOINT WARNING * * *
Your transformation has ended.
Your +2 pair of boots unmelds from your body.
The gnoll bouda calls upon its god to heal the gnoll.
The gnoll is healed somewhat.
Casting: Wereblood (safe; 1% risk of failure)
Confirm with . or Enter, or press ? or * to list all spells.
You turn into a venomous arachnid creature.
Your +2 pair of boots melds into your body.
You hiss as the wereblood boils in your veins!
The gnoll hits you with a +0 club.
* * * LOW HITPOINT WARNING * * *
The gnoll misses you.
You bite the gnoll!
The gnoll looks as sick as possible!
The gnoll is severely wounded.
You hiss as the wereblood boils in your veins!
The gnoll bouda gazes fiercely through you!
You feel your attacks grow feeble. The gnoll hits you with a +0 club!
* * * LOW HITPOINT WARNING * * *
The gnoll attacks as you move away! The gnoll barely misses you.
The gnoll hits you from afar with a +0 halberd!
You die...

#...##.....)..# #
###.##........# #
#..#.......##
#######..........###
.........>.........#
##.....##....†..g..#
.#.##..........g...#
...##.###.......g..#
.####...........s..#########
.##########...#............#
.#....#####.###........[...#
.#.#<..#....###............#
)).)...#.##................#
....##.#.##.##.............#
.......#.#...#...).........#
########.#.#...............#
#.#.#.#.............#


You could see a gnoll bouda (poisoned) and 2 gnolls.

Vanquished Creatures
  Pikel (D:5)
  Maggie (D:6)
  Sigmund (D:5)
  An acid dragon (D:6)
  Duvessa (D:4)
  A water moccasin (D:5)
  2 sky beasts (D:6)
  An orc warrior (D:6)
  3 ice beasts
  An ogre (D:4)
  A centaur (D:7)
  4 bullfrogs (D:7)
  3 scorpions (D:6)
  Dowan (D:4)
  3 howler monkeys
  A jelly (D:7)
  3 orc priests
  4 hounds
  3 sleepcaps
  An iguana (D:5)
  7 orc wizards
  2 gnolls (D:7)
  9 adders
  2 worms
  4 dart slugs
  22 orcs
  8 endoplasms
  2 giant cockroaches
  10 hobgoblins
  7 jackals
  13 kobolds
  2 quokkas (D:1)
  4 ball pythons
  8 bats
  3 frilled lizards
  6 goblins
  5 rats
151 creatures vanquished.

Notes
Turn   | Place    | Note
-------+----------+-------------------------------------------
     0 | D:1      | raph the Draconian Transmuter began the quest for the Orb.
     0 | D:1      | Reached XP level 1. HP: 16/16 MP: 3/3
    87 | D:1      | Reached XP level 2. HP: 18/23 MP: 3/5
   280 | D:1      | Learned a level 2 spell: Wereblood
   345 | D:1      | Found Casuh's Magic Scroll Emporium.
   358 | D:1      | Bought a scroll of teleportation for 36 gold pieces
   438 | D:1      | Bought a scroll of identify for 24 gold pieces
   546 | D:1      | Reached XP level 3. HP: 29/29 MP: 4/6
   550 | D:1      | Learned a level 3 spell: Spider Form
   687 | D:1      | Found Xelodap's Book Shoppe.
  1328 | D:2      | Reached skill level 1 in Poison Magic
  1328 | D:2      | Reached XP level 4. HP: 36/36 MP: 3/7
  1518 | D:1      | Bought a scroll of blinking for 90 gold pieces
  2203 | D:3      | Reached XP level 5. HP: 41/41 MP: 6/8
  2676 | D:4      | Noticed an ogre
  2950 | D:4      | Noticed Dowan
  2953 | D:4      | Noticed Duvessa
  3153 | D:4      | Reached XP level 6. HP: 40/50 MP: 5/9
  3159 | D:4      | Killed Duvessa
  3652 | D:4      | Killed Dowan
  4042 | D:4      | Your scales start taking on a rich purple colour.
  4042 | D:4      | Reached XP level 7. HP: 56/56 MP: 8/11
  4072 | D:5      | Entered Level 5 of the Dungeon
  4078 | D:5      | Learned a level 4 spell: Ice Form
  4089 | D:5      | Found a staircase to the Ecumenical Temple.
  4098 | D:5      | Reached skill level 5 in Transmutations
  4103 | Temple   | Entered the Ecumenical Temple
  4179 | Temple   | Became a worshipper of Makhleb the Destroyer
  4488 | D:5      | Noticed Sigmund
  4489 | D:5      | Noticed Pikel
  4631 | D:4      | Learned a level 1 spell: Sting
  4945 | D:5      | Killed Pikel
  4946 | D:5      | Reached skill level 5 in Unarmed Combat
  4946 | D:5      | Reached skill level 5 in Poison Magic
  4946 | D:5      | Reached XP level 8. HP: 11/66 MP: 7/12
  5264 | D:5      | Killed Sigmund
  5532 | D:5      | Found a glowing silver altar of Zin.
  5604 | D:5      | HP: 2/66 [ice beast (8)]
  6021 | D:6      | Identified the +4 robe of Lugonu's Generosity {rElec rC++
                  | rN+ Dex-2}
  6029 | D:6      | Noticed Maggie
  6045 | D:6      | Killed Maggie
  6046 | D:6      | Reached skill level 5 in Fighting
  6046 | D:6      | Reached XP level 9. HP: 55/74 MP: 10/13
  6610 | D:6      | Reached * piety under Makhleb
  7563 | D:7      | Learned a level 4 spell: Olgreb's Toxic Radiance
  7679 | D:7      | Found an ornate altar of the Wu Jian Council.
  7944 | D:7      | Reached skill level 1 in Invocations
  8032 | D:7      | Found a shimmering blue altar of Sif Muna.
  8050 | D:7      | Slain by a gnoll

Illustrated notes

Levels and vault maps discovered:
D:1:      elethiomel_arrival_infinity_welcomes_careful_drivers, layout_rooms,
          serial_shops, nicolae_shop_rolling_square,
          nicolae_shop_tiny_statue_garden, minmay_pentomino_o4
D:2:      layout_basic, st_stairs_2, grunt_ministairs_6
D:3:      layout_loops_ring
D:4:      layout_cave_pods, uniq_duvessa
D:5:      layout_rooms, zin_scriptorium, minmay_temple_entry_glass,
          solitary_fountain, uniq_pikel, uniq_sigmund
D:6:      layout_basic, chequers_mini_garden, chequers_serial_rivers_large_b,
          uniq_maggie
D:7:      layout_basic, mainiacjoe_overflow_brackets,
          mainiacjoe_overflow_cross_hatched, nicolae_sif_muna_condensation,
          uniq_joseph
Temple:   nicolae_temple_ecumenical_triangle

Skill      XL: |  1  2  3  4  5  6  7  8  9 |
---------------+----------------------------+-----
Transmutations | 3 4 6 7 |  7.7
Poison Magic   | 1 2 3 5 6 7 |  7.1
Fighting       | 2 4 5 6 |  6.2
Unarmed Combat | 4 5 6 |  6.7
Spellcasting   | 3 4 |  4.4
Invocations    | 1 |  1.4
Dodging        | |  1.7

Action                     |  1- 3 |  4- 6 |  7- 9 || total
---------------------------+-------+-------+-------++-------
  Melee: Unarmed           |   136 |   142 |   226 ||   504
         Headbutt          |    13 |    20 |     7 ||    40
         Tailslap          |     5 |    12 |     7 ||    24
         Kick              |    24 |    30 |     8 ||    62
         Punch             |     1 |     2 |     3 ||     6
   Cast: Beastly Appendage |    27 |    23 |     3 ||    53
         Wereblood         |     1 |     3 |     2 ||     6
         Spider Form       |       |     4 |    22 ||    26
         Ice Form          |       |       |     3 ||     3
  Evoke: Wand              |       |       |     3 ||     3
    Use: Scroll            |     2 |     7 |     5 ||    14
         Potion            |       |       |     1 ||     1
   Stab: Sleeping          |     1 |       |     1 ||     2
 Armour: Skin              |    48 |    47 |    41 ||   136
  Dodge: Dodged            |   100 |    84 |   216 ||   400
